 Dungeon Crawl Stone Soup version 0.23-a0-584-g44dd78f (webtiles) character file.

3912 Inarius the Cleaver (level 10, -2/77 HPs)
             Began as a Demonspawn Chaos Knight on Dec 17, 2018.
             Was a Plaything of Xom.
             Slain by a two-headed ogre
             ... wielding a +0 giant club
              (12 damage)
             ... on level 8 of the Dungeon.
             The game lasted 00:15:25 (9440 turns).

Inarius the Cleaver (Demonspawn Chaos Knight)       Turns: 9440, Time: 00:15:25

Health: -2/77      AC: 17    Str: 15      XL:     10   Next: 1%
Magic:  3/3        EV:  6    Int: 14      God:    Xom [..*...]
Gold:   422        SH:  0    Dex: 12 (13) Spells: 9/9 levels left

rFire    . . .     SeeInvis .   m - +2 broad axe (antimagic)
rCold    + + .     Gourm    .   (no shield)
rNeg     . . .     Faith    .   q - +0 plate armour
rPois    .         Spirit   .   l - +1 hat of Parts Unknown {rC++}
rElec    .         Reflect  .   (no cloak)
rCorr    .         Harm     .   (no gloves)
MR       .....                  (no boots)
Stlth    ..........             (no amulet)
HPRegen  0.22/turn              (no ring)
MPRegen  0.08/turn              (no ring)

@: very slightly contaminated, hasted, very quick
A: icy blue scales 2, deterioration 1, spiny 1, MP-powered wands
a: Renounce Religion


You were on level 8 of the Dungeon.
You worshipped Xom.
You were a toy of Xom.
You were hungry.

You visited 2 branches of the dungeon, and saw 9 of its levels.
You also visited: Sewer.

You collected 422 gold pieces.

Inventory:

Hand Weapons
 m - a +2 antimagic broad axe (weapon)
Missiles
 f - a throwing net (quivered)
Armour
 h - a +1 helmet
 l - the +1 hat of Parts Unknown (worn) {rC++}
   (You found it on level 6 of the Dungeon)

   It greatly protects you from cold.
 q - a +0 plate armour (worn)
Scrolls
 e - 2 scrolls of teleportation
 g - a scroll of blinking
 j - a scroll of fog
 k - 3 scrolls of remove curse
Potions
 a - 2 potions of degeneration {unknown}
 b - 2 potions of haste
 d - a potion of magic {unknown}
 i - 3 potions of resistance
 n - a potion of flight
 o - 2 potions of curing
 p - a potion of invisibility {unknown}
 r - a potion of lignification {unknown}
 s - a potion of cancellation {unknown}
 u - a potion of mutation {unknown}
Comestibles
 c - 11 rations


   Skills:
 + Level 6.9 Fighting
 + Level 9.5 Axes
 + Level 1.1 Throwing
 + Level 7.1 Armour
 + Level 3.0 Dodging
 + Level 0.5 Unarmed Combat


You had 9 spell levels left.
You didn't know any spells.
Your spell library was empty.

Dungeon Overview and Level Annotations

Branches:
Dungeon (8/15)             Temple (1/1) D:5
   Lair: D:8-11

Altars:
Ashenzari
Dithmenos
Elyvilon
Kikubaaqudgha
Nemelex Xobeh
Okawaru
Qazlal
Uskayaw
Vehumet
Xom
Yredelemnul

Shops:
D:4 *

Annotations:
D:6 3 runed doors, George's ghost, novice HOFi
D:8 Harold


Innate Abilities, Weirdness & Mutations

You are mostly covered in icy blue scales. (AC +3)
You are partially covered in sharp spines.
Your body sometimes deteriorates upon taking damage.
You expend magic power (3 MP) to strengthen your wands.


Message History

* * * LOW HITPOINT WARNING * * *
The centaur shoots an arrow.
The arrow hits you but does no damage.
You see here an arrow.
The centaur shoots an arrow.
The arrow hits you but does no damage.
You see here an arrow.
The helpless two-headed ogre fails to defend itself.
You slash the two-headed ogre!
The two-headed ogre is severely wounded.
The centaur shoots an arrow.
The arrow hits you.
* * * LOW HITPOINT WARNING * * *
The helpless two-headed ogre fails to defend itself.
You hit the two-headed ogre.
The two-headed ogre is severely wounded.
The two-headed ogre is no longer paralysed.
The centaur shoots an arrow.
The arrow hits you.
* * * LOW HITPOINT WARNING * * *
The two-headed ogre is struck by your spines.
The two-headed ogre hits you with a +0 giant club!
You die...
Xom giggles madly!

#........# ####.# ######.#####
# #..... .#####.##### #'
#.##.##.#.........# .@.
#.##..#.....####..# ....
#.##........#..#..# ...c.
#.......# _.#(.#..#
.....@####.....).#...#(.#..###
......c....((@O......####.....
......####.......#.........###
..... ##.##.### .#.###..###
.... ####.# ........... ...
#.# #####.#)### #'# #.#
###.#.# # #.############.#
#.....# # #.##........##.#
#.#.### # ##.##.######.##.#
#.#.#####


You could see a two-headed ogre and a centaur.

Vanquished Creatures
  Prince Ribbit (D:6)
  A hippogriff (D:8)
  Sigmund (D:5)
  Grum (D:8)
  2 water moccasins
  2 ice beasts
  An orc warrior (D:6)
  A sky beast (D:5)
  A hornet zombie (D:8)
  A phantom (D:4)
  2 wolves (D:8)
  3 centaurs (D:5)
  2 ogres
  A big kobold (D:6)
  4 bullfrogs
  A scorpion (D:8)
  3 wights (D:7)
  3 howler monkeys (D:7)
  2 crimson imps
  2 quasits
  4 hounds
  A jelly (D:7)
  5 orc priests
  3 bullfrog skeletons
  3 centaur skeletons
  3 iguanas
  A gnoll shaman (D:4)
  Terence (D:3)
  2 orc wizards
  4 worker ants
  A killer bee zombie (D:8)
  A hound skeleton (D:7)
  Robin (D:3)
  15 gnolls
  9 adders
  4 shadow imps
  2 oozes
  An adder skeleton (D:4)
  5 worms
  2 dart slugs
  7 leopard geckos
  11 orcs
  6 bats
  8 giant cockroaches
  16 goblins
  9 hobgoblins
  17 kobolds
  4 quokkas
  4 ball pythons
  7 frilled lizards
  A leopard gecko skeleton (D:7)
  A quokka skeleton (D:5)
  2 quokka zombies
  13 rats
209 creatures vanquished.

Vanquished Creatures (others)
  A crimson imp (D:5)
  A gnoll (D:5)
  A hobgoblin (D:4)
3 creatures vanquished.

Grand Total: 212 creatures vanquished

Notes
Turn   | Place    | Note
-------+----------+-------------------------------------------
     0 | D:1      | Inarius the Demonspawn Chaos Knight began the quest for the
                  | Orb.
     0 | D:1      | Reached XP level 1. HP: 18/18 MP: 1/1
    73 | D:1      | Gained mutation: You are partially covered in sharp spines.
                  | [demonic ancestry]
    73 | D:1      | Reached XP level 2. HP: 14/24 MP: 2/2
   252 | D:1      | Reached skill level 3 in Axes
   328 | D:1      | XOM: potion effect (agility)
   361 | D:1      | XOM: harmless Fire miscast
   506 | D:1      | XOM: harmless Air miscast
   595 | D:1      | Reached skill level 1 in Dodging
   884 | D:1      | Reached XP level 3. HP: 29/29 MP: 3/3
   902 | D:1      | XOM: severe Tmut miscast
  2236 | D:2      | Reached XP level 4. HP: 37/37 MP: 4/4
  2247 | D:2      | XOM: give mutation
  2247 | D:2      | Gained mutation: Your body sometimes deteriorates upon
                  | taking damage. [Xom's mischief]
  2379 | D:3      | XOM: summons 3 hostile shadow creatures
  2581 | D:3      | XOM: medium Pois miscast
  2646 | D:3      | XOM: medium Hex miscast
  2891 | D:3      | Noticed Terence
  2936 | D:3      | Killed Terence
  2936 | D:3      | Reached XP level 5. HP: 30/42 MP: 5/5
  2989 | D:3      | XOM: silly message
  3040 | D:3      | XOM: scenery: create altars
  3086 | D:3      | XOM: scenery: 1 doors open
  3309 | D:4      | Reached skill level 4 in Axes
  3319 | D:4      | Found a stormy altar of Qazlal.
  3349 | D:4      | Noticed Robin
  3413 | D:3      | XOM: divination: magic mapping
  3459 | D:3      | Killed Robin
  3593 | D:3      | XOM: give mutation
  3593 | D:3      | Gained mutation: You expend magic power (3 MP) to
                  | strengthen your wands. [Xom's mischief]
  3654 | D:3      | XOM: severe Chrm miscast
  3741 | D:4      | Gained mutation: You are partially covered in icy blue
                  | scales. (AC +2) [demonic ancestry]
  3741 | D:4      | Reached XP level 6. HP: 11/49 MP: 6/6
  4125 | D:4      | XOM: blink monster(s)
  4135 | D:4      | XOM: 1-stop teleportation journey
  4253 | D:4      | XOM: silly message
  4348 | D:3      | XOM: silly message
  4636 | D:4      | XOM: potion effect (invisibility)
  4696 | D:4      | Found Niacri's Needful Niceties.
  4705 | D:4      | XOM: harmless Air miscast
  4799 | D:4      | XOM: potion effect (brilliance)
  4807 | D:4      | Reached skill level 5 in Axes
  4807 | D:4      | Reached XP level 7. HP: 51/55 MP: 7/7
  4871 | D:4      | XOM: chaos cloud
  4908 | D:5      | Entered Level 5 of the Dungeon
  5028 | D:5      | Reached skill level 6 in Axes
  5044 | D:5      | Found a staircase to the Ecumenical Temple.
  5051 | D:5      | XOM: repel stairs
  5057 | Temple   | Entered the Ecumenical Temple
  5060 | Temple   | Reached skill level 5 in Fighting
  5060 | Temple   | Reached XP level 8. HP: 52/62 MP: 8/8
  5060 | Temple   | XOM: harmless Chrm miscast
  5118 | D:5      | XOM: medium Ice miscast
  5165 | D:5      | XOM: stat loss: -1 Int (13/14)
  5353 | D:5      | Found a glowing drain.
  5378 | Sewer    | Entered a sewer
  5475 | Sewer    | XOM: medium Necr miscast
  5533 | Sewer    | XOM: harmless Conj miscast
  5720 | Sewer    | Reached skill level 1 in Throwing
  5767 | D:5      | Noticed Sigmund
  5770 | D:5      | XOM: harmless Erth miscast
  5774 | D:5      | Killed Sigmund
  5774 | D:5      | Reached skill level 5 in Armour
  5824 | D:5      | Found a white marble altar of Elyvilon.
  5828 | D:5      | XOM: smoke on damage
  5832 | D:5      | Reached skill level 7 in Axes
  6097 | D:5      | XOM: medium Necr miscast
  6317 | D:6      | Found a runed gate.
  6317 | D:6      | Found a runed gate.
  6319 | D:6      | Found a runed gate.
  6319 | D:6      | Noticed George's ghost (novice HOFi)
  6730 | D:6      | Got a steaming hat
  6741 | D:6      | Identified the +1 hat of Parts Unknown {rC++} (You found it
                  | on level 6 of the Dungeon)
  6857 | D:6      | Reached XP level 9. HP: 69/69 MP: 3/9
  6874 | D:6      | XOM: scenery: create altars
  6887 | D:6      | Noticed Prince Ribbit
  6951 | D:6      | XOM: noise
  7083 | D:6      | Killed Prince Ribbit
  7083 | D:6      | Reached skill level 8 in Axes
  7334 | D:7      | XOM: stealth player
  7445 | D:7      | XOM: summons 3 hostile demons
  7469 | D:7      | XOM: swap monsters
  7481 | D:7      | XOM: potion effect (berserk rage)
  7730 | D:7      | XOM: noise
  7765 | D:7      | XOM: confuse monster(s)
  7949 | D:7      | XOM: medium Necr miscast
  7992 | D:7      | Found an ancient bone altar of Kikubaaqudgha.
  8131 | D:8      | Noticed a +0 hand axe
  8132 | D:8      | Noticed a +0 dagger
  8139 | D:8      | Found a hide-covered altar of Uskayaw.
  8217 | D:8      | Noticed a two-headed ogre
  8225 | D:8      | Reached skill level 9 in Axes
  8243 | D:8      | Noticed a two-headed ogre
  8248 | D:8      | XOM: potion effect (haste)
  8509 | D:8      | XOM: divination: detect creatures
  8836 | D:8      | Noticed Grum
  9143 | D:8      | Killed Grum
  9384 | D:8      | Gained mutation: You are mostly covered in icy blue scales.
                  | (AC +3) [demonic ancestry]
  9384 | D:8      | Reached XP level 10. HP: 77/77 MP: 3/10
  9422 | D:8      | XOM: potion effect (haste)
  9431 | D:8      | Noticed Harold
  9432 | D:8      | XOM: enchant monster (good)
  9440 | D:8      | Slain by a two-headed ogre

Vault maps used:
D:1:      onia_arrival_handbag, minmay_misc_feat_doors,
          chequers_serial_rivers_micro_b, minivault_4
D:2:      minmay_tiny_reverse_x
D:3:      uniq_terence
D:4:      nicolae_alphabet_shops, hangedman_abyss_or_decor_stabs,
          nicolae_qazlal_general_emergency, uniq_robin
D:5:      minmay_temple_entry_arrows, cheibrodos_sewer_entry_bend, first_ration,
          chequers_arboretum, minmay_crystal_water,
          chequers_serial_rivers_large_b, chequers_serial_rivers_room_b,
          elyvilon_altar_3, uniq_sigmund
D:6:      gammafunk_ghost_split, uniq_prince_ribbit1
D:7:      kiku_gazebo_pond_becter
D:8:      dancing_weapons_uskayaw, uniq_psyche, uniq_grum, uniq_harold,
          uniq_joseph
Temple:   eino_narrow_crystal_temple
Sewer:    sewer_frog_island_01

Skill      XL: |  1  2  3  4  5  6  7  8  9 |
---------------+----------------------------+-----
Axes           | 3 4 5 6 7 9 |  9.5
Dodging        | 1 2 3 |  3.0
Armour         | 2 3 4 5 7 |  7.1
Fighting       | 4 5 6 |  6.9
Throwing       | 1 |  1.1
Unarmed Combat | |  0.5

Action                   |  1- 3 |  4- 6 |  7- 9 | 10-12 || total
-------------------------+-------+-------+-------+-------++-------
Melee: Hand axe          |   113 |   138 |   100 |       ||   351
       Unarmed           |    15 |       |       |       ||    15
       Broad axe         |       |       |   232 |    12 ||   244
       Punch             |       |       |     1 |       ||     1
Throw: Tomahawk          |       |     4 |       |       ||     4
       Throwing net      |       |       |     2 |       ||     2
  Use: Potion            |       |     1 |     2 |       ||     3
       Scroll            |       |       |    13 |     1 ||    14
 Stab: Paralysed         |       |     1 |     8 |     2 ||    11
       Invisible         |       |     1 |       |       ||     1
  Eat: Chunk             |     4 |     7 |    16 |       ||    27
Armor: Leather armour    |    30 |    13 |       |       ||    43
       Chain mail        |       |    64 |    85 |       ||   149
       Plate armour      |       |       |   203 |     4 ||   207
Dodge: Dodged            |    70 |    44 |   106 |     1 ||   221

Table legend:
 A = Non-vault XP
 B = Vault XP
 C = Vault XP percentage of total XP
 D = Non-vault monster count
 E = Vault monster count
 F = Vault count percentage of total count
                 A         B        C        D         E       F
            +---------+---------+-------+---------+---------+-------
      Total |    4430 |    1159 |  20.7 |     165 |      45 |  21.4
            +---------+---------+-------+---------+---------+-------
        D:1 |      39 |      10 |  20.4 |      24 |       4 |  14.3
        D:2 |      43 |       6 |  12.2 |      18 |       2 |  10.0
        D:3 |      73 |      54 |  42.5 |      11 |       3 |  21.4
        D:4 |     638 |      21 |   3.2 |      26 |      11 |  29.7
        D:5 |     777 |     232 |  23.0 |      19 |       2 |   9.5
        D:6 |     864 |     277 |  24.3 |      22 |       1 |   4.3
        D:7 |    1071 |       0 |   0.0 |      29 |       0 |   0.0
        D:8 |     791 |     417 |  34.5 |      15 |       3 |  16.7
     Temple |     134 |       0 |   0.0 |       1 |       0 |   0.0
      Sewer |       0 |     142 | 100.0 |       0 |      19 | 100.0
            +---------+---------+-------+---------+---------+-------
